 Dungeon Crawl Stone Soup version 0.28-a0-819-g6ef7baa362 (webtiles) character file.

Game seed: 15775194534402768335

1311 iamoutofideas the Cleaver (level 8, -3/62 HPs)
             Began as a Hill Orc Gladiator on Nov 8, 2021.
             Was an Initiate of Gozag.
             Killed from afar by an electric eel (9 damage)
             ... with a bolt of electricity
             ... on level 6 of the Dungeon.
             The game lasted 00:05:58 (6060 turns).

iamoutofideas the Cleaver (Hill Orc Gladiator)      Turns: 6060, Time: 00:05:59

Health: -3/62      AC: 14    Str: 19    XL:     8   Next: 58%
Magic:  8/8        EV:  8    Int:  8    God:    Gozag
Gold:   688        SH:  0    Dex: 12    Spells: 7/7 levels left

rFire   . . .      SeeInvis +   f - +1 hand axe (distort)
rCold   . . .      Faith    .   (no shield)
rNeg    . . .      Spirit   .   r - +0 chain mail
rPois   .          Reflect  .   c - +0 helmet
rElec   .          Harm     .   (no cloak)
rCorr   .          Rampage  .   k - +2 pair of gloves
Will    .....                   (no boots)
Stlth   ..........              (no amulet)
HPRegen 0.20/turn               o - ring of see invisible
MPRegen 0.11/turn               (no ring)

@: invisible
A: no striking features
a: Renounce Religion, Potion Petition, Call Merchant, Bribe Branch


You were on level 6 of the Dungeon.
You worshipped Gozag.
Gozag was pleased with you.
You visited 2 branches of the dungeon, and saw 7 of its levels.
You also visited: Sewer.

You collected 770 gold pieces.
You paid 82 gold pieces to Gozag.

Inventory:

Hand Weapons
 a - a +0 war axe of draining
 f - a +1 hand axe of distortion (weapon)
Missiles
 d - 3 throwing nets (quivered)
 j - 154 stones
Armour
 b - a +0 leather armour
 c - a +0 helmet (worn)
 k - a +2 pair of gloves (worn)
 r - a +0 chain mail (worn)
Jewellery
 o - a ring of see invisible (left hand)
Scrolls
 i - 3 scrolls of fear {unknown}
 m - a scroll of teleportation
 q - a scroll of summoning {unknown}
 t - 2 scrolls of identify
Potions
 e - 3 potions of invisibility
 g - 4 potions of curing
 h - a potion of resistance {unknown}
 l - 2 potions of haste
 n - a potion of ambrosia {unknown}
 p - 6 potions of mutation {unknown}
 s - a potion of flight {unknown}
 u - a potion of magic {unknown}
 v - a potion of heal wounds {unknown}
 w - 3 potions of brilliance {unknown}
 x - a potion of experience {unknown}
 z - 2 potions of might {unknown}
 A - a potion of cancellation {unknown}


   Skills:
 - Level 2.7 Fighting
 * Level 11.5 Axes
 - Level 1.8 Throwing
 + Level 6.0 Armour
 - Level 2.5 Dodging


You had 7 spell levels left.
You didn't know any spells.
Your spell library contained the following spells:

 Spells                   Type           Power      Damage    Failure   Level
 Ensorcelled Hibernation  Hex/Ice        0%         N/A       100%        2
 Spider Form              Tmut/Pois      0%         N/A       100%        3


Dungeon Overview and Level Annotations

Branches:
Dungeon (6/15)             Temple (1/1) D:4           Sewer (visited)

Altars:
Ashenzari
Cheibriados
Dithmenos
Fedhas
Gozag
Hepliaklqana
Kikubaaqudgha
Makhleb
Nemelex Xobeh
Qazlal
Sif Muna
Wu Jian
Xom
Zin

Annotations:
D:3 exclusion: oklob plant
D:4 2 transporters, Strife64's ghost, novice DjCj


Message History

The electric eel shoots out a bolt of lightning at you!
The bolt of electricity hits you!
The electric eel shoots out a bolt of lightning at you!
The bolt of electricity hits you.
The electric eel shoots out a bolt of lightning at you!
The bolt of electricity hits you!
You are too injured to fight recklessly!
You are too injured to fight recklessly!
You hit the electric eel.
The electric eel is moderately wounded.
The electric eel blinks!
The electric eel shoots out a bolt of lightning at you!
The bolt of electricity hits you.
The electric eel shoots out a bolt of lightning at you!
The bolt of electricity misses you.
The electric eel shoots out a bolt of lightning at you!
The bolt of electricity hits you but does no damage.
You slash the electric eel!
The electric eel is heavily wounded.
The electric eel blinks!
The electric eel shoots out a bolt of lightning at you!
The bolt of electricity hits you.
The electric eel shoots out a bolt of lightning at you!
The bolt of electricity hits you!
* * * LOW HITPOINT WARNING * * *
You feel better.
The electric eel shoots out a bolt of lightning at you!
The bolt of electricity hits you!
* * * LOW HITPOINT WARNING * * *
The electric eel shoots out a bolt of lightning at you!
The bolt of electricity hits you.
* * * LOW HITPOINT WARNING * * *
You fade into invisibility!
The electric eel shoots out a bolt of lightning at you!
The bolt of electricity hits you.
* * * LOW HITPOINT WARNING * * *
The electric eel shoots out a bolt of lightning at you!
The bolt of electricity hits you!
You die...
Your body crumbles into a pile of gold.

######.##
#####.......###....
#............#.......
#.≈≈≈≈≈.≈≈≈≈..........
#.≈≈≈≈≈.≈≈≈≈...........
#.≈≈S≈≈.≈≈≈≈............
#.≈≈≈≈≈.≈≈≈≈............
#.......≈≈≈$.#..........
#.≈≈≈≈.@................
#.≈≈≈≈.≈≈≈≈≈..........##
#.≈≈≈≈?≈S≈≈≈...........#
#.≈≈≈≈.≈≈≈≈≈)..........#
..≈≈≈≈.≈≈≈≈≈.....$..)...
.............#..#..##.#.
..##.....#####..#.......
#. ......# #..#.##....
.. ........#...##


You could see 2 electric eels.

Vanquished Creatures
  A necrophage (D:6)
  2 ogres (D:5)
  A centaur (D:5)
  A phantom (D:3)
  A kobold brigand (Sewer)
  A scorpion (D:4)
  An electric eel (D:6)
  A centaur zombie (D:5)
  A centaur skeleton (D:6)
  An orc priest (D:3)
  2 iguanas
  A howler monkey zombie (D:4)
  8 adders
  A river rat (D:6)
  3 worms
  2 dart slugs
  6 orcs
  10 ball pythons
  6 endoplasms
  3 giant cockroaches
  10 goblins
  4 hobgoblins
  9 jackals
  21 kobolds
  3 quokkas
  4 bats
  6 frilled lizards
  9 rats
119 creatures vanquished.

Vanquished Creatures (others)
  2 fungi (D:3)
  6 plants
8 creatures vanquished.

Grand Total: 127 creatures vanquished

Notes
Turn   | Place    | Note
-------+----------+-------------------------------------------
     0 | D:1      | iamoutofideas the Hill Orc Gladiator began the quest for
                  | the Orb.
     0 | D:1      | Reached XP level 1. HP: 18/18 MP: 1/1
   290 | D:1      | Reached XP level 2. HP: 25/25 MP: 2/2
   290 | D:1      | Found a faded altar of an unknown god.
   973 | D:2      | Reached skill level 5 in Axes
   973 | D:2      | Reached XP level 3. HP: 30/30 MP: 3/3
  1038 | D:2      | Reached skill level 1 in Armour
  1976 | D:3      | Reached XP level 4. HP: 37/37 MP: 4/4
  2101 | D:3      | Reached skill level 6 in Axes
  2288 | D:3      | Reached XP level 5. HP: 42/42 MP: 5/5
  2505 | D:3      | Noticed a phantom
  2522 | D:3      | Killed a phantom
  2523 | D:3      | Reached skill level 7 in Axes
  2790 | D:3      | Found an ornate altar of the Wu Jian Council.
  2892 | D:3      | Found a blossoming altar of Fedhas.
  2917 | D:3      | Noticed an oklob plant
  3168 | D:4      | Reached XP level 6. HP: 50/50 MP: 6/6
  3174 | D:4      | Found a staircase to the Ecumenical Temple.
  3187 | D:4      | Noticed Strife64's ghost (novice DjCj)
  3210 | Temple   | Entered the Ecumenical Temple
  3472 | Temple   | Became a worshipper of Gozag Ym Sagoz the Greedy
  3565 | D:4      | Found a snail-covered altar of Cheibriados.
  3762 | D:4      | Reached skill level 8 in Axes
  3964 | D:4      | Found a transporter.
  3965 | D:4      | Found a transporter.
  4357 | D:5      | Entered Level 5 of the Dungeon
  4431 | D:5      | Found a glowing silver altar of Zin.
  4436 | D:5      | Noticed an angel
  4438 | D:5      | Reached XP level 7. HP: 41/56 MP: 7/7
  4524 | D:5      | Found a shimmering altar of Xom.
  4649 | D:5      | Reached skill level 9 in Axes
  5143 | D:5      | Reached skill level 10 in Axes
  5269 | D:6      | Reached skill level 5 in Armour
  5269 | D:6      | Reached XP level 8. HP: 60/62 MP: 8/8
  5429 | D:6      | Found a glowing drain.
  5448 | Sewer    | Entered a sewer
  5549 | Sewer    | Reached skill level 11 in Axes
  6060 | D:6      | Killed from afar by an electric eel

Illustrated notes

Levels and vault maps discovered:
D:1:      dpeg_arrival_radiant, layout_loops_ring, ebering_ecumenical_altar_mist
D:2:      layout_basic
D:3:      layout_loops_ring, nicolae_wu_jian_immortal_techniques, tgw_fedhas
D:4:      layout_cave_pods, nicolae_overflow_crystal_walls,
          minmay_temple_entry_ruins, gammafunk_ghost_smash,
          minmay_misc_feat_more_columns
D:5:      layout_basic, grunt_temple_overflow_order_and_chaos_1,
          lemuel_another_geyser
D:6:      cheibrodos_fzero, layout_cave_pools, gup_sewer_entry_bubbles,
          minivault_14, hangedman_abyss_or_decor_stagger
Temple:   compressed_dpeg_triangle_lava_temple

Skill      XL: |  1  2  3  4  5  6  7  8 |
---------------+-------------------------+-----
Axes           | 5 6 7 8 10 11 | 11.5
Armour         | 1 2 4 5 6 |  6.0
Fighting       | |  2.7
Throwing       | |  1.8
Dodging        | |  2.5

Action                   |  1- 3 |  4- 6 |  7- 9 || total
-------------------------+-------+-------+-------++-------
Melee: War axe           |    22 |       |       ||    22
       Hand axe          |    45 |   138 |   127 ||   310
Throw: Throwing net      |     1 |       |       ||     1
       Stone             |       |       |     1 ||     1
  Use: Scroll            |       |     4 |     3 ||     7
       Potion            |       |       |     2 ||     2
 Stab: Sleeping          |       |     2 |       ||     2
       Distracted        |       |       |     1 ||     1
Armor: Leather armour    |    19 |    35 |    20 ||    74
       Chain mail        |       |       |    34 ||    34
Dodge: Dodged            |    40 |    62 |    58 ||   160

Table legend: (Time is in decaauts)
 A = Elapsed time spent in this place.
 B = Non-inter-level travel time spent in this place.
 C = Inter-level travel time spent in this place.
 D = Time resting spent in this place.
 E = Time spent auto-exploring this place.
 F = Levels seen in this place.
 G = Mean time per level.
                   A        B        C        D        E       F      G
               +--------+--------+--------+--------+--------+-----+--------+
         Total |   6097 |   5832 |    265 |    364 |   4415 |   8 |  762.1 |
       Dungeon |   5509 |   5268 |    241 |    364 |   3976 |   6 |  918.2 |
        Temple |    276 |    253 |     23 |      0 |    244 |   1 |  276.0 |
         Sewer |    311 |    311 |      0 |      0 |    194 |   1 |  311.0 |
               +--------+--------+--------+--------+--------+-----+--------+

Top non-repeatable levels by time:
     D:3: 1191 daAuts
     D:2: 1124 daAuts
     D:4: 918 daAuts
     D:5: 883 daAuts
     D:1: 850 daAuts
     D:6: 540 daAuts
   Sewer: 311 daAuts
  Temple: 276 daAuts
